 Dungeon Crawl Stone Soup version 0.23-a0-183-gf37f6fb (webtiles) character file.

207 Felrender the Shield-Bearer (level 5, -1/70 HPs)
             Began as a Minotaur Fighter on Sept 22, 2018.
             Succumbed to an orc wizard's poison
             ... on level 4 of the Dungeon.
             The game lasted 00:05:17 (1895 turns).

Felrender the Shield-Bearer (Minotaur Fighter)      Turns: 1895, Time: 00:05:17

Health: -1/70      AC: 22    Str: 26    XL:     5   Next: 54%
Magic:  4/4        EV:  2    Int:  5    God:
Gold:   129        SH: 10    Dex: 10    Spells: 4/4 levels left

rFire    . . .     SeeInvis .   a - +1 long sword
rCold    . . .     Gourm    .   c - +0 shield
rNeg     + + +     Faith    .   (armour currently unavailable)
rPois    +         Spirit   .   (helmet currently unavailable)
rElec    .         Reflect  .   (cloak currently unavailable)
rCorr    .         Harm     .   (gloves currently unavailable)
MR       .....     NoTele   +   (boots currently unavailable)
Stlth    +.........             e - amulet of rage
HPRegen  0.21/turn              (no ring)
MPRegen  0.09/turn              (no ring)

@: mighty, lethally poisoned (-1 -> -19), tree-form
A: (retaliatory headbutt)
a: Evoke Berserk Rage


You were on level 4 of the Dungeon.
You were not hungry.
You were a tree.
You visited 1 branch of the dungeon, and saw 4 of its levels.

You collected 129 gold pieces.

Inventory:

Hand Weapons
 a - a +1 long sword (weapon)
Armour
 c - a +0 shield (worn)
 n - a +2 chain mail (melded)
Jewellery
 e - an amulet of rage (around neck)
Scrolls
 b - a scroll of remove curse
 i - a scroll of random uselessness
Potions
 h - a potion of haste
 j - a potion of flight
Comestibles
 f - 7 rations
 l - a chunk of flesh


   Skills:
 + Level 4.6 Fighting
 + Level 4.5 Long Blades
 + Level 4.4 Armour
 + Level 1.0 Dodging
 + Level 4.9 Shields


You had 4 spell levels left.
You didn't know any spells.
Your spell library was empty.

Dungeon Overview and Level Annotations

Branches:
Dungeon (4/15)
 Temple: D:4-7

Altars:
Fedhas
Nemelex Xobeh
Xom


Innate Abilities, Weirdness & Mutations

((You reflexively headbutt those who attack you in melee.))
((You have a pair of horns on your head.))
((You are partially covered in icy blue scales. (AC +2)))
((Your flesh is heat resistant. (rF+)))


Message History

* * * LOW HITPOINT WARNING * * *
You feel sick. Something hits you but does no damage.
You are more poisoned.
The orc hits you but does no damage.
The orc priest hits you but does no damage.
You slice something!!
Reactivating autopickup.
You feel a bit more experienced.
* * * LOW HITPOINT WARNING * * *
You feel very sick. The orc hits you but does no damage.
The orc priest hits you but does no damage.
You swing at nothing.
* * * LOW HITPOINT WARNING * * *
You feel sick. The orc hits you but does no damage.
The orc priest hits you but does no damage.
The orc hits you but does no damage.
You swing at nothing.
You feel less confused.
You die...

.............#### .#
...............#<.# .#
##......!..........#..#
.....#.....#..###..#..##
.....#.....#............
...........#.####..#####
#..........#............
#.....)o....#........###
#.....)♣................
.....o##.............###
..#.# ##..#.#.........#
.. #..#.#.........# .
#..#...........#
#..###.......... #..#
#.......... ..#
#.......... ..#


You could see an orc priest and an orc.

Vanquished Creatures
  A centaur skeleton (D:4)
  An iguana (D:2)
  An orc wizard (D:4)
  A worker ant (D:3)
  4 adders (D:2)
  2 worms
  6 orcs
  4 giant cockroaches
  3 goblins (D:2)
  11 hobgoblins
  A quokka (D:3)
  9 bats
  2 frilled lizards
  5 kobolds
  A quokka skeleton (D:3)
  9 rats
61 creatures vanquished.

Notes
Turn   | Place    | Note
-------+----------+-------------------------------------------
     0 | D:1      | Felrender the Minotaur Fighter began the quest for the Orb.
     0 | D:1      | Reached XP level 1. HP: 19/19 MP: 0/0
   215 | D:1      | Reached XP level 2. HP: 23/27 MP: 1/1
   716 | D:2      | Found a shimmering altar of Xom.
   745 | D:2      | Reached XP level 3. HP: 33/33 MP: 2/2
   778 | D:2      | Found a sparkling altar of Nemelex Xobeh.
   866 | D:2      | Gained mutation: You are partially covered in icy blue
                  | scales. (AC +2) [potion of mutation]
   866 | D:2      | Gained mutation: Your flesh is heat resistant. (rF+)
                  | [potion of mutation]
   982 | D:2      | Reached XP level 4. HP: 41/41 MP: 3/3
  1267 | D:3      | Reached skill level 1 in Dodging
  1269 | D:3      | Found a faded altar of an unknown god.
  1469 | D:3      | Reached XP level 5. HP: 47/47 MP: 4/4
  1509 | D:3      | Found a blossoming altar of Fedhas.
  1893 | D:4      | HP: 3/70 [poisoned by an orc wizard]
  1894 | D:4      | HP: 1/70 [poisoned by an orc wizard]
  1895 | D:4      | Succumbed to an orc wizard's poison

Vault maps used:
D:1:      lightli_arrival_maybe_door_vault
D:2:      old_standard_altar, nemelex_xobeh_ov_fountains_minmay, first_ration
D:3:      fedhas_altar_1, chequers_ecumenical_altar_simple
D:4:      nemelex_diamond_rough_becter

Skill      XL: |  1  2  3  4  5 |
---------------+----------------+-----
Shields        | 4 |  4.9
Armour         | 4 |  4.4
Fighting       | 4 |  4.6
Long Blades    | 3 4 |  4.5
Dodging        | 1 |  1.0

Action                   |  1- 3 |  4- 6 || total
-------------------------+-------+-------++-------
Melee: Long sword        |    56 |    69 ||   125
       Headbutt          |     7 |    11 ||    18
  Use: Scroll            |     6 |     6 ||    12
       Potion            |     1 |     2 ||     3
  Eat: Chunk             |       |     3 ||     3
Armor: Scale mail        |    25 |    12 ||    37
       Chain mail        |       |    16 ||    16
       Skin              |       |    27 ||    27
Dodge: Dodged            |    17 |    19 ||    36
Block: Shield            |    29 |    39 ||    68
       Rpst.: Long sword |     3 |     6 ||     9

Table legend:
 A = Non-vault XP
 B = Vault XP
 C = Vault XP percentage of total XP
 D = Non-vault monster count
 E = Vault monster count
 F = Vault count percentage of total count
                 A         B        C        D         E       F
            +---------+---------+-------+---------+---------+-------
      Total |     297 |       0 |   0.0 |      61 |       0 |   0.0
            +---------+---------+-------+---------+---------+-------
        D:1 |      26 |       0 |   0.0 |      17 |       0 |   0.0
        D:2 |     115 |       0 |   0.0 |      18 |       0 |   0.0
        D:3 |      72 |       0 |   0.0 |      21 |       0 |   0.0
        D:4 |      84 |       0 |   0.0 |       5 |       0 |   0.0
            +---------+---------+-------+---------+---------+-------
